 Dungeon Crawl Stone Soup version 0.24-a0-778-g74da537585 (webtiles) character file.

Game seed: 10313058367093421338, levelgen mode: deterministic

465 Arixos the Magician (level 6, -1/32 HPs)
             Began as a Deep Elf Wizard on Oct 6, 2019.
             Slain by a water moccasin (3 damage)
             ... on level 6 of the Dungeon.
             The game lasted 00:31:22 (6352 turns).

Arixos the Magician (Deep Elf Wizard)               Turns: 6352, Time: 00:31:22

Health: -1/32      AC:  3    Str:  4    XL:     6   Next: 80%
Magic:  4/17       EV: 14    Int: 25    God:
Gold:   142        SH:  0    Dex: 18    Spells: 7/18 levels left

rFire    . . .     SeeInvis .   r - +0 dagger (elec)
rCold    . . .     Gourm    .   (no shield)
rNeg     . . .     Faith    .   a - +0 robe
rPois    .         Spirit   .   b - +0 hat
rElec    .         Reflect  .   (no cloak)
rCorr    .         Harm     .   f - +0 pair of gloves
MR       .....                  (no boots)
Stlth    ++........             (no amulet)
HPRegen  0.10/turn              n - +5 ring of dexterity (curse)
MPRegen  0.15/turn              (no ring)

@: lethally poisoned (-1 -> -19), very slightly contaminated
A: no striking features
a: no special abilities


You were on level 6 of the Dungeon.
You were not hungry.

You visited 1 branch of the dungeon, and saw 6 of its levels.

You collected 142 gold pieces.

Inventory:

Hand Weapons
 r - a +0 dagger of electrocution (weapon)
Armour
 a - a +0 robe (worn)
 b - a +0 hat (worn)
 f - a +0 pair of gloves (worn)
Jewellery
 n - a cursed +5 ring of dexterity (left hand)
Scrolls
 c - 2 scrolls of immolation {unknown}
 e - 2 scrolls of teleportation {unknown}
 g - 3 scrolls of enchant armour {unknown}
 h - a scroll of magic mapping {unknown}
 i - 3 scrolls of remove curse {unknown}
 m - 4 scrolls of identify {unknown}
 p - a scroll of fear {unknown}
 t - a scroll of random uselessness {unknown}
 u - a scroll of enchant weapon {unknown}
Potions
 j - 3 potions of flight {unknown}
 k - 2 potions of curing {unknown}
 l - a potion of agility {unknown}
 o - a potion of lignification {unknown}
 q - 2 potions of degeneration {unknown}
Comestibles
 d - 9 rations


   Skills:
 + Level 3.6 Dodging
 - Level 2.4 Stealth
 + Level 6.5 Spellcasting
 + Level 2.8 Conjurations
 + Level 3.2 Summonings
 + Level 2.2 Translocations
 + Level 2.0 Fire Magic
 + Level 1.6 Air Magic
 + Level 1.9 Poison Magic


You had 7 spell levels left.
You knew the following spells:

 Your Spells              Type           Power        Failure   Level  Hunger
a - Magic Dart            Conj           ###.         2%          1    None
c - Mephitic Cloud        Conj/Pois/Air  ###.....     9%          3    None
e - Blink                 Tloc           N/A          4%          2    None
f - Conjure Flame         Conj/Fire      ###.....     8%          3    None
i - Call Imp              Summ           ###.....     2%          2    None

Your spell library contained the following spells:

 Spells                   Type           Power        Failure   Level  Hunger
 Slow                     Hex            #.......     11%         2    None


Dungeon Overview and Level Annotations

Branches:
Dungeon (7/15)             Temple (0/1) D:7

Altars:
Hepliaklqana

Annotations:
D:4 Eustachio, Grinder
D:6 1 runed translucent door, Erlindor's ghost, novice CeHu


Message History

Aim: a scorpion (lightly wounded)
The magic dart hits the scorpion.
The scorpion is lightly wounded.
The water moccasin misses you.
Casting: Magic Dart (safe; 2% risk of failure)
Confirm with . or Enter, or press ? or * to list all spells.
You miscast Blink.
You are very lightly contaminated with residual magic.
Strange energies run through your body. The water moccasin bites you!
You are poisoned.
The water moccasin poisons you!
Casting: Blink (safe; 4% risk of failure)
Confirm with . or Enter, or press ? or * to list all spells.
You blink.
You are engulfed in blazing flames.
* * * LOW HITPOINT WARNING * * *
x2 You feel sick.
The scorpion stings you.
* * * LOW HITPOINT WARNING * * *
You are more poisoned.
The scorpion poisons you! The water moccasin bites you.
You die...

#.### #.# #.#
#.# #.#
####.####
#...>...#
#.##s##.#
#.##@# s#
#.##S##.###.
#.##ยง.......
#.#####.###.
#.. .# ### ##


You could see a water moccasin and a scorpion.

Vanquished Creatures
  A howler monkey (D:3)
  3 hounds
  Natasha (twice) (D:2)
  4 orc wizards (D:3)
  A worker ant (D:4)
  A worker ant zombie (D:6)
  4 adders
  An adder skeleton (D:4)
  5 worms
  2 dart slugs
  3 leopard geckos
  6 orcs
  A ball python (D:1)
  12 bats
  8 giant cockroaches
  5 goblins
  11 hobgoblins
  8 jackals
  4 quokkas
  2 frilled lizards
  6 kobolds
  A quokka skeleton (D:3)
  4 rats
95 creatures vanquished.

Vanquished Creatures (collateral kills)
  Natasha (D:2)
  A worm (D:2)
2 creatures vanquished.

Grand Total: 97 creatures vanquished

Notes
Turn   | Place    | Note
-------+----------+-------------------------------------------
     0 | D:1      | Arixos the Deep Elf Wizard began the quest for the Orb.
     0 | D:1      | Reached XP level 1. HP: 10/10 MP: 7/7
   189 | D:1      | Reached skill level 5 in Spellcasting
   207 | D:1      | Reached XP level 2. HP: 9/15 MP: 3/10
   551 | D:1      | Learned a level 2 spell: Blink
  1085 | D:1      | Reached XP level 3. HP: 7/19 MP: 3/12
  1415 | D:1      | Reached skill level 6 in Spellcasting
  1546 | D:2      | Learned a level 3 spell: Mephitic Cloud
  1550 | D:2      | Learned a level 3 spell: Conjure Flame
  1553 | D:2      | Learned a level 2 spell: Call Imp
  1557 | D:2      | Noticed Natasha
  1624 | D:2      | Killed Natasha
  1750 | D:2      | Reached XP level 4. HP: 17/24 MP: 0/14
  1859 | D:2      | Found a hazy altar of Hepliaklqana.
  1972 | D:2      | Noticed Natasha
  3387 | D:2      | Killed Natasha
  3588 | D:2      | Noticed Natasha
  3597 | D:2      | Killed Natasha
  3597 | D:2      | Reached XP level 5. HP: 26/28 MP: 1/15
  4305 | D:3      | Reached skill level 1 in Fire Magic
  4305 | D:3      | Reached skill level 1 in Poison Magic
  4944 | D:3      | Reached skill level 1 in Air Magic
  5320 | D:3      | Reached XP level 6. HP: 26/32 MP: 11/17
  5434 | D:4      | Noticed Grinder
  5711 | D:4      | Noticed Eustachio
  6103 | D:4      | Paralysed by Grinder for 7 turns
  6116 | D:4      | Paralysed by Grinder for 2 turns
  6172 | D:4      | You fall into a shaft and drop 3 floors!
  6173 | D:7      | Found a staircase to the Ecumenical Temple.
  6285 | D:6      | Found a runed translucent door.
  6293 | D:6      | Noticed Erlindor's ghost (novice CeHu)
  6348 | D:6      | Noticed a water moccasin
  6352 | D:6      | Slain by a water moccasin

Levels and vault maps discovered:
D:1:      lightli_arrival_quake, layout_loops_ring
D:2:      layout_basic, marbit_many_paths, first_ration, uniq_natasha
D:3:      layout_loops_corners, hangedman_decor_diamond_cutter
D:4:      layout_rooms, serial_shops, shop_statue, dk_noncrumbling_3,
          uniq_grinder, uniq_eustachio
D:6:      layout_loops_corners, serial_shops, shop_coins, ebering_ghost_sewer_d,
          basic_altar, guppyfry_shop_venom
D:7:      layout_rooms, nicolae_overflow_quartered_altars,
          minmay_temple_entry_glass, ebering_ghost_gozag

Skill      XL: |  1  2  3  4  5  6 |
---------------+-------------------+-----
Spellcasting   | 5 6 |  6.5
Summonings     | 2 3 |  3.2
Conjurations   | 2 |  2.8
Dodging        | 3 |  3.6
Fire Magic     | 1 2 |  2.0
Poison Magic   | 1 |  1.9
Air Magic      | 1 |  1.6
Translocations | 2 |  2.2
Stealth        | |  2.4

Action                   |  1- 3 |  4- 6 || total
-------------------------+-------+-------++-------
Melee: Unarmed           |    15 |     9 ||    24
       Dagger            |       |    12 ||    12
 Cast: Magic Dart        |    95 |   217 ||   312
       Call Imp          |     6 |    14 ||    20
       Blink             |     4 |     8 ||    12
       Conjure Flame     |     1 |    12 ||    13
       Mephitic Cloud    |     1 |     6 ||     7
 Stab: Sleeping          |     1 |       ||     1
       Confused          |       |     2 ||     2
  Eat: Chunk             |     2 |    14 ||    16
Armor: Robe              |     8 |    16 ||    24
Dodge: Dodged            |    33 |    69 ||   102

Table legend:
 A = Non-vault XP
 B = Vault XP
 C = Vault XP percentage of total XP
 D = Non-vault monster count
 E = Vault monster count
 F = Vault count percentage of total count
                 A         B        C        D         E       F
            +---------+---------+-------+---------+---------+-------
      Total |     636 |      29 |   4.4 |      95 |       2 |   2.1
            +---------+---------+-------+---------+---------+-------
        D:1 |      55 |       0 |   0.0 |      24 |       0 |   0.0
        D:2 |     129 |      29 |  18.4 |      34 |       2 |   5.6
        D:3 |     325 |       0 |   0.0 |      26 |       0 |   0.0
        D:4 |     105 |       0 |   0.0 |       8 |       0 |   0.0
        D:6 |      22 |       0 |   0.0 |       3 |       0 |   0.0
            +---------+---------+-------+---------+---------+-------
